 Dungeon Crawl Stone Soup version 0.31-a0-840-g6d2ecbb638 (webtiles) character file.

Game seed: 3835183012985932226

146 Ivernyr the Slasher (level 5, -2/28 HPs)
             Began as a Vine Stalker Gladiator on Sept 27, 2023.
             Slain by a gnoll sergeant
             ... wielding a +0 trident
              (5 damage)
             ... on level 3 of the Dungeon.
             The game lasted 00:04:15 (1878 turns).

Ivernyr the Slasher (Vine Stalker Gladiator)        Turns: 1878, Time: 00:04:16

Health: -2/28      AC:  8    Str: 17    XL:     5   Next: 28%
Magic:  0/6        EV: 13    Int:  8    God:
Gold:   149        SH:  0    Dex: 17    Spells: 4/4 levels left

rFire   . . .        a - +0 long sword
rCold   . . .        (no shield)
rNeg    . . .        b - +0 leather armour
rPois   +            c - +0 helmet
rElec   .            (no cloak)
rCorr   .            (no gloves)
SInv    .            (no boots)
Will    .....        (no amulet)
Stlth   +            i - +4 ring of protection
HPRegen 1.04/turn    p - ring of poison resistance
MPRegen 0.10/turn

%: guardian spirit
@: no status effects
A: fangs 2, regeneration 1, magic shield, antimagic bite, no potion heal 2
a: no special abilities


You were on level 3 of the Dungeon.
You visited 1 branch of the dungeon, and saw 3 of its levels.

You collected 149 gold pieces.

Inventory:

Hand Weapons
 a - a +0 long sword (weapon)
Missiles
 d - 3 throwing nets (quivered)
 e - a javelin
Armour
 b - a +0 leather armour (worn)
 c - a +0 helmet (worn)
Jewellery
 i - a +4 ring of protection (left hand)
 p - a ring of poison resistance (right hand)
 r - a ring of resist corrosion
Wands
 m - a wand of polymorph (5)
Scrolls
 g - 5 scrolls of teleportation {unknown}
 h - 2 scrolls of immolation {unknown}
 l - a scroll of revelation {unknown}
 n - a scroll of butterflies {unknown}
 o - 2 scrolls of identify {unknown}
 q - a scroll of enchant armour {unknown}
 s - a scroll of vulnerability {unknown}
 u - a scroll of brand weapon {unknown}
Potions
 f - a potion of brilliance {unknown}
 j - a potion of cancellation {unknown}
 k - 5 potions of curing {unknown}
 t - a potion of enlightenment {unknown}
 v - a potion of mutation {unknown}


   Skills:
 + Level 3.1 Fighting
 + Level 3.7 Long Blades
 - Level 1.7 Throwing
 + Level 3.3 Dodging


You had 4 spell levels left.
You didn't know any spells.
Your spell library contained the following spells:

 Spells                   Type           Power      Damage    Failure   Level
 Freeze                   Ice            0%         1d3       47%         1
 Summon Small Mammal      Summ           0%         N/A       47%         1
 Call Canine Familiar     Summ           0%         N/A       85%         3
 Frozen Ramparts          Ice            0%         1d1       85%         3
 Hailstorm                Conj/Ice       0%         3d3       85%         3
 Summon Guardian Golem    Hex/Summ       0%         N/A       85%         3


Dungeon Overview and Level Annotations

Branches:
Dungeon (3/15)

Altars:
Qazlal
The Shining One

Shops:
D:2 ?


Innate Abilities, Weirdness & Mutations

You have extremely sharp teeth.
Your natural rate of healing is unusually fast.
When hurt, damage is shared between your health and your magic reserves.
Your bite disrupts and absorbs the magic of your enemies.
Potions cannot restore your health.


Message History

The gnoll hits you but does no damage. The gnoll hits you with a +0 whip.
The gnoll sergeant barely misses you. The gnoll hits you but does no damage.
The gnoll sergeant attacks as it pursues you!
The gnoll sergeant hits you from afar with a +0 trident.
There is an open door here.
You closely miss the gnoll. You bite the gnoll. You drain its power.
You feel invigorated.
The gnoll is moderately wounded.
The gnoll barely misses you. The gnoll sergeant closely misses you.
You hit the gnoll. You bite the gnoll, but do no damage.
The gnoll is heavily wounded.
The gnoll barely misses you.
The gnoll sergeant hits you from afar with a +0 trident.
The gnoll hits you with a +0 club.
You slash the gnoll!
You kill the gnoll!
The gnoll sergeant barely misses you.
The gnoll sergeant hits you from afar with a +0 trident!
The gnoll hits you with a +0 whip.
* * * LOW HITPOINT WARNING * * *
You hit the gnoll. You bite the gnoll. You drain its power.
You feel invigorated.
The gnoll is almost dead.
The gnoll closely misses you. The gnoll sergeant misses you.
The gnoll sergeant attacks as it pursues you!
The gnoll sergeant hits you from afar with a +0 trident.
* * * LOW HITPOINT WARNING * * *
The gnoll attacks as it pursues you! The gnoll barely misses you.
The gnoll sergeant attacks as it pursues you!
The gnoll sergeant hits you from afar with a +0 trident.
* * * LOW HITPOINT WARNING * * *
The gnoll sergeant attacks as it pursues you!
The gnoll sergeant hits you from afar with a +0 trident!
* * * LOW HITPOINT WARNING * * *
There is an open door here.
You hit the gnoll.
You kill the gnoll!
The gnoll sergeant hits you from afar with a +0 trident.
You die...

######### #...g.g.#
####g#####.# #≈≈≈g≈≈≈#
######## #≈≈g..≈≈# #......#
###≈g.#).≈# #......#
##.@).###..+..#
##......#####..#≈..#..≈##.###
##......†......##≈≈...≈≈#....#
.............####≈≈≈.≈≈≈#....#
#####+###....#######+####....#
...##.###....##.. #..........#
.#.##............ ...........#
.#.##..###+##.#.# #.........#
##.##..###.##.#...
###.....######


You could see a gnoll sergeant and 3 gnolls.

Vanquished Creatures
  Terence (D:2)
  2 gnolls (D:3)
  4 adders
  2 dart slugs
  8 orcs
  5 ball pythons
  7 endoplasms
  4 giant cockroaches
  6 goblins
  4 hobgoblins
  2 quokkas
  4 bats
  2 frilled lizards
  7 kobolds
  7 rats
65 creatures vanquished.

Notes
Turn   | Place    | Note
-------+----------+-------------------------------------------
     0 | D:1      | Ivernyr the Vine Stalker Gladiator began the quest for the
                  | Orb.
     0 | D:1      | Reached XP level 1. HP: 11/11 MP: 2/2
    95 | D:1      | Reached XP level 2. HP: 14/15 MP: 3/3
   403 | D:1      | Reached XP level 3. HP: 18/18 MP: 4/4
   845 | D:2      | Noticed Terence
   895 | D:2      | Killed Terence
   896 | D:2      | Reached XP level 4. HP: 23/23 MP: 3/5
  1088 | D:2      | Found The Oracle's Delphic Readings.
  1248 | D:2      | Found a faded altar of an unknown god.
  1422 | D:3      | Found a stormy altar of Qazlal.
  1445 | D:3      | Reached XP level 5. HP: 28/28 MP: 6/6
  1463 | D:3      | Found a glowing golden altar of the Shining One.
  1877 | D:3      | HP: 1/28 [gnoll sergeant/+0 trident (7)]
  1878 | D:3      | Slain by a gnoll sergeant

Illustrated notes

Levels and vault maps discovered:
D:1:      dpeg_arrival_concentric_ovals, layout_loops_ring
D:2:      layout_rooms, hellmonk_ecumenical_altar_defaced_shrine,
          nicolae_nh_oracle_at_delphi, uniq_terence
D:3:      layout_basic, mainiacjoe_overflow_catwalk_spiral, serial_shops,
          nicolae_shop_pleasant_corner_grove, minmay_statues_item, minivault_27,
          reono_crystal_passage, kennysheep_generic_room_8

Skill      XL: |  1  2  3  4 |
---------------+-------------+-----
Fighting       | 2 3 |  3.1
Long Blades    | 3 |  3.7
Dodging        | 3 |  3.3
Throwing       | |  1.7

Action                     |  1- 3 |  4- 6 || total
---------------------------+-------+-------++-------
  Melee: Long sword        |    70 |    68 ||   138
         Bite              |    15 |    13 ||    28
         Unarmed           |    10 |       ||    10
         Punch             |       |     1 ||     1
   Stab: Sleeping          |     2 |     1 ||     3
 Armour: Leather armour    |    31 |    42 ||    73
         Skin              |     4 |       ||     4
  Dodge: Dodged            |    56 |    66 ||   122

Table legend: (Time is in decaauts)
 A = Elapsed time spent in this place.
 B = Non-inter-level travel time spent in this place.
 C = Inter-level travel time spent in this place.
 D = Time resting spent in this place.
 E = Time spent auto-exploring this place.
 F = Levels seen in this place.
 G = Mean time per level.
                   A        B        C        D        E       F      G
               +--------+--------+--------+--------+--------+-----+--------+
         Total |   1896 |   1880 |     16 |      0 |   1368 |   3 |  632.0 |
       Dungeon |   1896 |   1880 |     16 |      0 |   1368 |   3 |  632.0 |
               +--------+--------+--------+--------+--------+-----+--------+

Top non-repeatable levels by time:
     D:1: 687 daAuts
     D:2: 661 daAuts
     D:3: 547 daAuts
